 Dungeon Crawl Stone Soup version 0.17.0-28-g6e173f8 (webtiles) character file.

175 GeneralIdiocy the Grave Robber (level 5, -2/39 HPs)
             Began as a Demonspawn Necromancer on Dec 2, 2015.
             Was an Initiate of Makhleb.
             Killed by nerve-wracking pain
             ... invoked by GeneralIdiocy's ghost
              (5 damage)
             ... on level 3 of the Dungeon.
             The game lasted 00:04:51 (3046 turns).

GeneralIdiocy the Grave Robber (DsNe)               Turns: 3046, Time: 00:04:51

Health: -2/39      AC:  6    Str:  9    XL:     5   Next: 29%
Magic:  8/8        EV: 11    Int: 16    God:    Makhleb [......]
Gold:   171        SH:  0    Dex: 14    Spells: 1 memorised, 7 levels left

rFire  . . .     SeeInvis .     o - +0 flail
rCold  . . .     Clarity  .     l - +0 leather armour
rNeg   . . .     SustAt   .     (no shield)
rPois  .         Gourm    .     g - +0 helmet
rElec  .         Spirit   .     (no cloak)
rCorr  .         Warding  .     (no gloves)
rMut   .         Stasis   .     (no boots)
MR     .....                    (no amulet)
Stlth  +.........               (no ring)
                                (no ring)

@: not resistant to hostile enchantments, very unstealthy
A: hooves 1, yellow scales 1
a: Renounce Religion


You were on level 3 of the Dungeon.
You worshipped Makhleb.
Makhleb was noncommittal.
You were hungry.

You visited 1 branch of the dungeon, and saw 4 of its levels.

You collected 171 gold pieces.

Inventory:

Hand Weapons
 h - a +0 club
 o - a +0 flail (weapon)
Armour
 g - a +0 helmet (worn)
 l - a +0 leather armour (worn)
Jewellery
 e - an uncursed amulet of regeneration {unknown}
 n - an uncursed amulet of clarity {unknown}
Scrolls
 d - 2 scrolls of remove curse {unknown}
 f - 3 scrolls of identify
 m - a scroll of teleportation {unknown}
Potions
 i - a potion of curing
 j - a potion of cure mutation
 k - a potion of agility
Books
 b - a book of Necromancy

   Spells                             Type                      Level
   a - Pain                           Necromancy                   1
   b - Animate Skeleton               Necromancy                   1
   c - Vampiric Draining              Necromancy                   3
   d - Regeneration                   Charms/Necromancy            3
   e - Animate Dead                   Necromancy                   4
   f - Control Undead                 Necromancy                   4
Comestibles
 c - 4 bread rations


   Skills:
 + Level 2.6 Fighting
 - Level 1.7 Dodging
 - Level 1.7 Stealth
 - Level 2.0 Spellcasting
 * Level 6.5 Necromancy


You had 7 spell levels left.
You knew the following spells:

 Your Spells              Type           Power        Failure   Level  Hunger
a - Pain                  Necr           ###.         1%          1    #......


Dungeon Overview and Level Annotations

Branches:
Dungeon (4/15)
 Temple: D:4-7

Altars:
Makhleb

Annotations:
D:3 GeneralIdiocy's ghost, amateur DsNe


Innate Abilities, Weirdness & Mutations

You have large cloven feet.
You are partially covered in yellow scales (AC +2).


Message History

Unknown command.
GeneralIdiocy's ghost is too close now for your liking.
GeneralIdiocy's ghost is nearby!
GeneralIdiocy's ghost turns its malevolent gaze towards you.
You see here a tomahawk.
GeneralIdiocy's ghost gestures at you while chanting.
You barely resist. You closely miss GeneralIdiocy's ghost.
GeneralIdiocy's ghost casts a spell at you.
Pain shoots through your body!
GeneralIdiocy's ghost hits you but does no damage.
GeneralIdiocy's ghost points at you and mumbles some strange words.
Pain shoots through your body!
* * * LOW HITPOINT WARNING * * *
GeneralIdiocy's ghost casts a spell at you.
Pain shoots through your body!
* * * LOW HITPOINT WARNING * * *
GeneralIdiocy's ghost casts a spell at you.
Pain shoots through your body!
You die...

#[....#.### #.# #.....#.#
#.# #.....#.######..
####### #.....#........#
....... #..)..########.#
....... #.....# ###<#
....... ###.### #....
.......#####W########....
........@.....).....#....
......._..##.######.#....
##.###...###.# #....
##### #.# ...<. #.#
##.... #.# ...## #.# ##.#
#.#


You could see GeneralIdiocy's ghost.

Vanquished Creatures
  An orc priest (D:3)
  An orc wizard (D:3)
  4 adders (D:2)
  An ooze (D:2)
  2 worms (D:2)
  7 orcs (D:3)
  6 bats
  9 hobgoblins
  10 jackals
  3 kobolds
  A quokka (D:2)
  A giant cockroach (D:1)
  4 giant newts
  9 goblins
  3 rats
62 creatures vanquished.

Notes
Turn   | Place    | Note
--------------------------------------------------------------
     0 | D:1      | GeneralIdiocy the Demonspawn Necromancer began the quest for the Orb.
     0 | D:1      | Reached XP level 1. HP: 13/13 MP: 3/3
   430 | D:1      | Reached skill level 1 in Fighting
   556 | D:1      | Gained mutation: You have large cloven feet. [demonic ancestry]
   556 | D:1      | Reached XP level 2. HP: 19/21 MP: 0/5
   839 | D:1      | Reached skill level 5 in Necromancy
   912 | D:1      | Reached XP level 3. HP: 8/26 MP: 0/6
  1608 | D:2      | Reached XP level 4. HP: 8/33 MP: 0/7
  1978 | D:2      | Found a faded altar to an unknown god.
  2464 | D:3      | Reached skill level 6 in Necromancy
  2479 | D:3      | Gained mutation: You are partially covered in yellow scales (AC +2). [demonic ancestry]
  2479 | D:3      | Reached XP level 5. HP: 14/39 MP: 0/8
  2947 | D:3      | Found a burning altar of Makhleb.
  3023 | D:3      | Noticed GeneralIdiocy's ghost (amateur DsNe)
  3031 | D:3      | Became a worshipper of Makhleb the Destroyer
  3046 | D:3      | Killed from afar by GeneralIdiocy's ghost

Action                   |  1- 3 |  4- 6 || total
-------------------------+-------+-------++-------
Melee: Unarmed           |     3 |       ||     3
       Club              |    59 |     9 ||    68
       Flail             |       |    11 ||    11
 Cast: Pain              |    49 |    54 ||   103
  Use: Potion            |     2 |       ||     2
       Scroll            |       |     2 ||     2
  Eat: Chunk             |     3 |     3 ||     6
       Pizza             |       |     1 ||     1
